 Dungeon Crawl Stone Soup version 0.24.0-13-gcf9b319 (webtiles) character file.

Game seed: 17294692300431508885, levelgen mode: deterministic

86 Fernandocris the Chopper (level 4, 0/42 HPs)
             Began as a Deep Dwarf Fighter on Nov 30, 2019.
             Slain by Crazy Yiuf
             ... wielding a +4 quarterstaff of chaos
              (1 damage)
             ... while petrified by Crazy Yiuf
             ... on level 2 of the Dungeon.
             The game lasted 00:02:00 (1604 turns).

Fernandocris the Chopper (Deep Dwarf Fighter)       Turns: 1604, Time: 00:02:01

Health: 0/42       AC:  6    Str: 20    XL:     4   Next: 27%
Magic:  3/3        EV:  2    Int:  9    God:
Gold:   49         SH:  0    Dex: 12    Spells: 3/3 levels left

rFire    . . .     SeeInvis .   a - +0 war axe
rCold    . . .     Gourm    .   c - +0 shield
rNeg     + + +     Faith    .   b - +0 scale mail
rPois    ∞         Spirit   .   (no helmet)
rElec    .         Reflect  .   (no cloak)
rCorr    .         Harm     .   (no gloves)
MR       .....                  (no boots)
Stlth    ..........             (no amulet)
HPRegen  0.00/turn              (no ring)
MPRegen  0.08/turn              (no ring)

@: petrified, non-regenerating
A: damage resistance, heal wounds, sense surroundings 1, no regeneration
a: Heal Wounds


You were on level 2 of the Dungeon.
You were not hungry.

You visited 1 branch of the dungeon, and saw 2 of its levels.

You collected 49 gold pieces.

Inventory:

Hand Weapons
 a - a +0 war axe (weapon)
Armour
 b - a +0 scale mail (worn)
 c - a +0 shield (worn)
Scrolls
 e - 4 scrolls of remove curse {unknown}
 h - a scroll of immolation {unknown}
 i - 4 scrolls of identify {unknown}
 k - a scroll of teleportation {unknown}
 l - a scroll of magic mapping {unknown}
 o - a scroll of enchant weapon {unknown}
Potions
 d - 2 potions of might
 g - a potion of lignification {unknown}
 j - 2 potions of invisibility {unknown}
 m - a potion of heal wounds {unknown}
 n - a potion of curing {unknown}
Comestibles
 f - 3 rations


   Skills:
 + Level 3.4 Fighting
 * Level 4.3 Axes
 - Level 3.3 Armour
 - Level 3.3 Shields


You had 3 spell levels left.
You didn't know any spells.
Your spell library was empty.

Dungeon Overview and Level Annotations

Branches:
Dungeon (2/15)

Altars:

Annotations:
D:2 Crazy Yiuf


Innate Abilities, Weirdness & Mutations

You are resistant to damage.
You can heal yourself by infusing magical energy.
You passively map a small area around you.
You do not regenerate.


Message History

Crazy Yiuf burns you.
Crazy Yiuf hits you with a +4 quarterstaff of chaos!
* * * LOW HITPOINT WARNING * * *
Crazy Yiuf freezes you.
* * * LOW HITPOINT WARNING * * *
You have turned to stone.
Crazy Yiuf hits you but does no damage.
Crazy Yiuf hits you with a +4 quarterstaff of chaos!
* * * LOW HITPOINT WARNING * * *
Crazy Yiuf burns you.
Crazy Yiuf hits you with a +4 quarterstaff of chaos. x2
* * * LOW HITPOINT WARNING * * *
Crazy Yiuf cries, "Iron horse sow!"
Crazy Yiuf hits you with a +4 quarterstaff of chaos!
* * * LOW HITPOINT WARNING * * *
Crazy Yiuf burns you.
Crazy Yiuf flaps his cloak.
Crazy Yiuf hits you but does no damage.
Crazy Yiuf hits you with a +4 quarterstaff of chaos.
You die...

######..........# #.#
#.###
..#....########## #.#
#.... #.#.#.## #.#
##### ..#...# #.# #
#...### #.#######
##.## ###♣♣♣♣♣
#........
##.#####.#..♣.♣♣♣ *###
#########
.............♣..♣#...#
###
##.###......♣♣♣♣@g...#
#.## ##.# #...#.♣♣
♣♣#..)# #..######
##.###.###♣♣ * ###
#.......# #.......#
#..####.## ...).).##
#.## #... ...))### ###
######## #### #...##
#.# #......# ##.##
#.##### #.#.##.# ##.#
#.<...# #.#.##.#


You could see Crazy Yiuf.

Vanquished Creatures
  4 gnolls (D:2)
  2 leopard geckos (D:1)
  A giant cockroach (D:1)
  3 goblins
  5 hobgoblins
  13 jackals
  2 kobolds (D:1)
  A quokka (D:2)
  4 bats (D:1)
  3 frilled lizards
  3 rats
41 creatures vanquished.

Notes
Turn   | Place    | Note
-------+----------+-------------------------------------------
     0 | D:1      | Fernandocris the Deep Dwarf Fighter began the quest for the
                  | Orb.
     0 | D:1      | Reached XP level 1. HP: 20/20 MP: 1/1
    71 | D:1      | Reached XP level 2. HP: 18/27 MP: 2/2
    86 | D:1      | Reached skill level 3 in Axes
   389 | D:1      | Reached XP level 3. HP: 21/34 MP: 3/3
   849 | D:2      | Reached skill level 4 in Axes
   853 | D:2      | Reached XP level 4. HP: 28/42 MP: 4/4
  1456 | D:2      | Found a runed translucent door.
  1457 | D:2      | Noticed Crazy Yiuf
  1602 | D:2      | HP: 1/42 [Crazy Yiuf/+4 quarterstaff of chaos (4)]
  1604 | D:2      | Slain by Crazy Yiuf

Levels and vault maps discovered:
D:1:      onia_arrival_pentagram, layout_basic, kennysheep_crisscross,
          minmay_misc_feat_plants
D:2:      layout_loops_corners, uniq_crazy_yiuf_cottage

Skill      XL: |  1  2  3 |
---------------+----------+-----
Axes           | 3 4 |  4.3
Fighting       | 3 |  3.4
Armour         | |  3.3
Shields        | |  3.3

Action                   |  1- 3 |  4- 6 || total
-------------------------+-------+-------++-------
Melee: War axe           |    96 |    39 ||   135
 Abil: Heal Wounds       |     2 |     1 ||     3
  Eat: Ration            |       |     1 ||     1
Armor: Scale mail        |    68 |    15 ||    83
Dodge: Dodged            |    42 |     5 ||    47
Block: Shield            |    69 |    16 ||    85
